 Dungeon Crawl Stone Soup version 0.21-a0-442-g848f44b (webtiles) character file.

47135 mortelune the Fighter (level 14, -23/95 HPs)
             Began as a Gargoyle Fighter on Nov 16, 2017.
             Was the Champion of Okawaru.
             Annihilated by a titanic slime creature (27 damage)
             ... on level 12 of the Dungeon.
             The game lasted 01:13:26 (18026 turns).

mortelune the Fighter (Gargoyle Fighter)           Turns: 18026, Time: 01:13:27

Health: -23/95     AC: 35    Str: 26    XL:     14   Next: 40%
Magic:  0/20       EV: 11    Int: 10    God:    Okawaru [******]
Gold:   604        SH: 15    Dex: 12    Spells: 12/13 levels left

rFire    + . .     SeeInvis +   O - +0 morningstar
rCold    + + .     Gourm    .   c - +1 shield
rNeg     + . .     Faith    .   V - +2 plate armour {rC+}
rPois    ∞         Spirit   +   (no helmet)
rElec    +         Reflect  .   I - scarf {cloud immunity}
rCorr    .         Harm     .   Q - +1 pair of gloves {Dex+3}
MR       ++...                  q - +0 pair of boots
Stlth    ..........             o - amulet of guardian spirit
HPRegen  0.25/turn              W - ring of see invisible
MPRegen  0.17/turn              R - ring of Ker Dusk {rF+ rC+ MR+}

@: heroism, flying
A: big wings, clever 1, negative energy resistance 1, electricity resistance,
unbreathing, petrification resistance, rot immunity, AC +10
a: Stop Flying, Heroism, Finesse, Renounce Religion


You were on level 12 of the Dungeon.
You worshipped Okawaru.
Okawaru was exalted by your worship.
You were not hungry.

You visited 3 branches of the dungeon, and saw 18 of its levels.
You also visited: Ossuary.

You collected 1096 gold pieces.
You spent 492 gold pieces at shops.

Inventory:

Hand Weapons
 b - a +0 hunting sling
 O - a +0 morningstar (weapon)
Missiles
 r - 378 stones (quivered)
 w - 279 sling bullets
Armour
 c - a +1 shield (worn)
 q - a +0 pair of boots (worn)
 I - a scarf of cloud immunity (worn)
 Q - a +1 pair of gloves of dexterity (worn)
 T - +0 acid dragon scales
 V - a +2 plate armour of cold resistance (worn)
Jewellery
 o - an amulet of guardian spirit (around neck)
 M - a +3 amulet of reflection
 R - the ring of Ker Dusk (right hand) {rF+ rC+ MR+}
   (You took it off Erolcha on level 10 of the Dungeon)

   [ring of protection from magic]

   It protects you from fire.
   It protects you from cold.
   It affects your resistance to hostile enchantments.
 W - a ring of see invisible (left hand)
 Y - an uncursed ring of protection from magic
 Z - a +5 ring of protection
Wands
 v - a wand of lightning (4/15)
 J - a wand of enslavement (14/24)
 L - a wand of iceblast (9/15)
 S - a wand of disintegration (0/24)
 X - a wand of polymorph (5/24)
Scrolls
 a - a scroll of amnesia
 e - a scroll of holy word {unknown}
 j - 6 scrolls of enchant armour
 n - 3 scrolls of enchant weapon
 t - 2 scrolls of fog
 x - 2 scrolls of blinking
 B - 3 scrolls of remove curse
 C - a scroll of recharging
 F - 3 scrolls of magic mapping
 N - 2 scrolls of immolation
Potions
 d - a potion of might
 h - 3 potions of mutation
 k - 8 potions of curing
 l - 2 potions of haste
 m - 3 potions of cancellation
 s - a potion of invisibility
 u - 2 potions of agility
 z - 2 potions of berserk rage
 A - 3 potions of resistance
 D - 5 potions of heal wounds
 H - 2 potions of ambrosia
 K - 5 potions of brilliance
 U - 2 potions of lignification
Books
 y - a book of Cantrips

   Spells                             Type                      Level
   a - Confusing Touch                Hexes                        1
   b - Animate Skeleton               Necromancy                   1
   c - Summon Small Mammal            Summoning                    1
   d - Apportation                    Translocation                1
Comestibles
 f - 12 bread rations
 g - 30 fruits
 i - 3 royal jellies
 p - 7 meat rations


   Skills:
 + Level 13.9(18.9) Fighting
 * Level 13.6(18.6) Maces & Flails
 + Level 13.1(18.1) Armour
 + Level 2.6(7.6) Dodging
 - Level 9.0(14.0) Shields
 - Level 8.0 Invocations


You had 12 spell levels left.
You knew the following spells:

 Your Spells              Type           Power        Failure   Level  Hunger
a - Apportation           Tloc           #.....       94%         1    ##.....


Dungeon Overview and Level Annotations

Branches:
Dungeon (12/15)            Temple (1/1) D:4            Lair (5/6) D:10
  Swamp (0/4) Lair:2       Spider (0/4) Lair:4
  Slime: Lair:5-6       Orc: D:9-12

Altars:
Ashenzari
Cheibriados
Gozag
Makhleb
Okawaru
Ru
Sif Muna
Wu Jian
Xom
Zin
The Shining One

Shops:
D:12 (*:!


Innate Abilities, Weirdness & Mutations

You are resistant to torment.
Your stone body is resilient. (AC +10)
You are immune to poison.
Your large and strong wings let you fly indefinitely.
You resist negative energy. (rN+)
You are resistant to electric shocks. (rElec)
You can survive without breathing.
You are immune to petrification.
You are immune to rotting.
Your mind is acute. (Int +2)


Message History

You block the slime creature's attack.
You sock the titanic slime creature!
The titanic slime creature is heavily wounded.
The titanic slime creature completely misses you.
You barely miss the titanic slime creature.
The titanic slime creature is heavily wounded.
You block the slime creature's attack.
The titanic slime creature hits you but does no damage.
You sock the titanic slime creature!
The titanic slime creature is heavily wounded.
The slime creature hits you but does no damage.
You bludgeon the titanic slime creature!!
The titanic slime creature is heavily wounded.
The titanic slime creature hits you!!!!
Ouch! That really hurt!
* * * LOW HITPOINT WARNING * * *
You bludgeon the titanic slime creature!!
The titanic slime creature is severely wounded.
You block the slime creature's attack. The titanic slime creature hits you!!
You die...

######
##.#######
#.... #.#
#.... #.##
#####
#..#####
##..∩..#
#####'####
#.....#
#######.+
#@J...#.#
#J#.###.#
#.#.#...#
#.#.#.###
..#.....#
#########


You could see a titanic slime creature and a slime creature.

Vanquished Creatures
  The ghost of theanonym the Brawler, a journeyman TrMo (Lair:3)
  Snorg (D:10)
  The ghost of p0werm0de the Cleaver, a journeyman GrCK of Xom (Lair:5)
  Erolcha (D:10)
  The ghost of p0werm0de the Fighter, a journeyman DsWn of Gozag (D:11)
  The ghost of Megalobster the Covert, a journeyman SpEn of Makhleb (Lair:3)
  2 hydras
  10 two-headed ogres
  6 death yaks
  The ghost of anet the Vexing, a novice DEWz of Ashenzari (D:9)
  2 unseen horrors (D:12)
  14 spiny frogs
  A gargoyle (D:11)
  A rime drake (Lair:1)
  6 komodo dragons
  A centaur skeleton (D:12)
  2 tengu conjurers (D:12)
  A troll (D:12)
  2 polar bears
  4 dream sheep (Lair:5)
  A hornet (D:9)
  9 hippogriffs
  9 blink frogs
  A vampire (D:12)
  2 wyverns (Lair:2)
  35 yaks
  An acid dragon (D:12)
  A soldier ant (D:10)
  13 water moccasins
  2 orc warriors
  8 porcupines
  3 sky beasts
  3 black bears
  3 ice beasts
  3 necrophages
  2 eyes of draining
  16 ogres
  A phantom (D:9)
  32 wolves
  4 centaurs
  8 crocodiles
  4 big kobolds
  12 bullfrogs
  3 scorpions
  12 killer bees (D:8)
  6 wights
  3 howler monkeys
  An electric eel (Lair:1)
  5 centaur zombies
  3 crimson imps
  A quasit (D:8)
  3 bullfrog zombies
  4 hounds
  5 orc wizards
  A gnoll shaman (D:6)
  6 orc priests
  2 jellies
  4 bullfrog skeletons
  4 iguanas
  4 worker ants
  3 big kobold zombies (Ossuary)
  2 hound zombies
  5 mummies (Ossuary)
  A howler monkey zombie (D:10)
  A worker ant zombie (D:5)
  5 gnolls
  10 adders
  4 shadow imps
  An adder skeleton (D:6)
  2 worms
  2 dart slugs
  4 leopard geckos
  15 orcs
  10 bats
  3 giant cockroaches
  8 goblins
  11 hobgoblins
  3 jackals (D:5)
  4 quokkas
  5 frilled lizards
  A giant cockroach zombie (D:5)
  3 hobgoblin zombies (Ossuary)
  A jackal skeleton (D:4)
  22 kobolds
  A leopard gecko zombie (D:9)
  5 rats
431 creatures vanquished.

Vanquished Creatures (others)
  A bullfrog (Lair:3)
  11 fungi
  4 plants
16 creatures vanquished.

Grand Total: 447 creatures vanquished

Notes
Turn   | Place    | Note
-------+----------+-------------------------------------------
     0 | D:1      | mortelune the Gargoyle Fighter began the quest for the Orb.
     0 | D:1      | Reached XP level 1. HP: 14/14 MP: 1/1
   328 | D:1      | Reached XP level 2. HP: 19/19 MP: 2/2
  1073 | D:2      | Reached XP level 3. HP: 24/24 MP: 3/3
  1307 | D:2      | Found an opulent altar of Gozag.
  1886 | D:2      | Reached XP level 4. HP: 12/30 MP: 2/4
  2113 | D:2      | Reached XP level 5. HP: 34/34 MP: 5/5
  2150 | D:2      | Reached skill level 5 in Fighting
  3055 | D:3      | Reached XP level 6. HP: 40/40 MP: 6/6
  3480 | D:4      | Found a staircase to the Ecumenical Temple.
  3491 | Temple   | Entered the Ecumenical Temple
  3515 | Temple   | Became a worshipper of Warmaster Okawaru
  4064 | D:5      | Entered Level 5 of the Dungeon
  4064 | D:5      | Noticed a necrophage
  4075 | D:5      | Killed a necrophage
  4099 | D:5      | Reached skill level 5 in Maces & Flails
  4230 | D:5      | Reached * piety under Okawaru
  4230 | D:5      | Reached XP level 7. HP: 34/46 MP: 4/7
  4320 | D:5      | Found a snail-covered altar of Cheibriados.
  4320 | D:5      | Found a shimmering altar of Xom.
  4320 | D:5      | Found a shattered altar of Ashenzari.
  4321 | D:5      | Found a deep blue altar of Sif Muna.
  4706 | D:5      | Reached ** piety under Okawaru
  4936 | D:5      | Found a glowing golden altar of the Shining One.
  4998 | D:6      | Found a sand-covered staircase.
  5005 | Ossuary  | Entered an ossuary
  5029 | Ossuary  | Reached XP level 8. HP: 21/52 MP: 2/8
  5636 | D:6      | Reached skill level 5 in Armour
  6443 | D:7      | Got an ancient hunting sling
  6444 | D:7      | Identified the +4 hunting sling of Pyxixuph {freeze, Fragile rF+ rC++} (You found it on level 7 of the Dungeon)
  6498 | D:7      | Noticed a hippogriff
  6511 | D:7      | Killed a hippogriff
  6511 | D:7      | Reached *** piety under Okawaru
  6511 | D:7      | Reached XP level 9. HP: 45/59 MP: 7/9
  6881 | D:7      | Gained mutation: Your mind is acute. (Int +2) [mutagenic meat]
  7130 | D:8      | Noticed a two-headed ogre
  7152 | D:8      | Killed a two-headed ogre
  7152 | D:8      | Reached **** piety under Okawaru
  7192 | D:8      | Reached skill level 1 in Invocations
  7366 | D:8      | Reached XP level 10. HP: 65/65 MP: 11/11
  7391 | D:8      | Noticed a two-headed ogre
  7404 | D:8      | Killed a two-headed ogre
  7404 | D:8      | Reached ***** piety under Okawaru
  7404 | D:8      | Reached skill level 10 in Maces & Flails
  8040 | D:9      | Noticed a two-headed ogre
  8069 | D:8      | Killed a two-headed ogre
  8069 | D:8      | Received a gift from Okawaru
  8463 | D:9      | Noticed anet's ghost (novice DEWz)
  8472 | D:9      | Killed anet's ghost
  8662 | D:9      | Reached XP level 11. HP: 57/72 MP: 9/14
  8702 | D:9      | Noticed a two-headed ogre
  8716 | D:9      | Killed a two-headed ogre
  8716 | D:9      | Reached skill level 10 in Fighting
  8716 | D:9      | Reached skill level 5 in Invocations
  8931 | D:9      | Found a sacrificial altar of Ru.
  9405 | D:10     | Entered Level 10 of the Dungeon
  9532 | D:10     | Noticed a death yak
  9533 | D:10     | Noticed a death yak
  9533 | D:10     | Noticed a death yak
  9534 | D:10     | Noticed a death yak
  9537 | D:10     | Noticed a death yak
  9537 | D:10     | Noticed a death yak
  9564 | D:9      | Killed a death yak
  9737 | D:10     | Noticed Snorg
  9818 | D:10     | Killed Snorg
 10165 | D:10     | Killed a death yak
 10186 | D:10     | Killed a death yak
 10198 | D:10     | Killed a death yak
 10214 | D:10     | Killed a death yak
 10229 | D:10     | Killed a death yak
 10417 | D:10     | Found a staircase to the Lair.
 10595 | D:10     | Reached XP level 12. HP: 64/79 MP: 10/17
 10792 | D:10     | Found an iron altar of Okawaru.
 10946 | D:11     | Received a gift from Okawaru
 11324 | D:11     | Noticed p0werm0de's ghost (journeyman DsWn)
 11340 | D:11     | Killed p0werm0de's ghost
 11340 | D:11     | Reached skill level 10 in Armour
 11713 | D:12     | Got a translucent leather armour
 11724 | D:12     | Identified the +1 leather armour of Qiok {Int+4} (You found it on level 12 of the Dungeon)
 11804 | Lair:1   | Entered Level 1 of the Lair of Beasts
 11926 | Lair:1   | Noticed a seven-headed hydra
 11937 | Lair:1   | Killed a seven-headed hydra
 12412 | Lair:1   | Reached skill level 5 in Shields
 12444 | Lair:1   | Received a gift from Okawaru
 12940 | Lair:2   | Received a gift from Okawaru
 12986 | Lair:2   | Found an ornate altar of the Wu Jian Council.
 13032 | Lair:2   | Found a staircase to the Swamp.
 13112 | Lair:2   | Reached XP level 13. HP: 78/86 MP: 17/19
 13876 | Lair:3   | Noticed Megalobster's ghost (journeyman SpEn)
 13960 | Lair:3   | Killed Megalobster's ghost
 14137 | Lair:3   | Noticed theanonym's ghost (journeyman TrMo)
 14164 | Lair:3   | Killed theanonym's ghost
 15930 | Lair:4   | Found a hole to the Spider Nest.
 15959 | Lair:4   | Reached ****** piety under Okawaru
 15965 | Lair:4   | Received a gift from Okawaru
 16622 | Lair:5   | Noticed p0werm0de's ghost (journeyman GrCK)
 16864 | Lair:5   | Killed p0werm0de's ghost
 16900 | Lair:5   | Gained mutation: Your large and strong wings let you fly indefinitely. [Gargoyle growth]
 16900 | Lair:5   | Reached XP level 14. HP: 89/94 MP: 16/20
 16904 | Lair:5   | Reached skill level 1 in Dodging
 17169 | D:10     | Noticed Erolcha
 17189 | D:10     | Killed Erolcha
 17199 | D:10     | Got a glittering lead ring
 17314 | D:10     | Identified the ring of Ker Dusk {rF+ rC+ MR+} (You took it off Erolcha on level 10 of the Dungeon)
 17550 | D:12     | Found Qithoysk's Book Shoppe.
 17554 | D:12     | Bought a book of Cantrips for 300 gold pieces
 17615 | D:12     | Found Uckeank's Distillery.
 17620 | D:12     | Bought a potion of heal wounds for 80 gold pieces
 17694 | D:12     | Learned a level 1 spell: Apportation
 17776 | D:12     | Received a gift from Okawaru
 17796 | D:12     | Found Ojeupn's Weapon Shop.
 17975 | D:12     | Found Leqiq's Assorted Antiques.
 17981 | D:12     | Bought a scroll of magic mapping for 112 gold pieces
 18025 | D:12     | HP: 4/95 [titanic slime creature (66)]
 18026 | D:12     | Annihilated by a titanic slime creature

Vault maps used:
D:1:      eino_arrival_cavern_a
D:2:      first_bread, grunt_gozag_breadcrumbs
D:4:      temple_statues
D:5:      lemuel_doored_altar, minitemple
D:6:      enter_ossuary_3
D:9:      nicolae_ru_the_path_less_chosen
D:10:     lemuel_ogre_cave, dpeg_lair_monsters, basic_altar, uniq_snorg,
          uniq_erolcha
D:12:     orc_0_dummy, serial_shops, shop_fountains, shop, nicolae_shop_stone,
          shop, shop, enter_trove_0
Temple:   regret_index_temple_sphere_string
Lair:1:   beast_lair_carwin_4, grunt_megastairs_3, infiniplex_staircase_pool,
          serial_bayou_shore_a
Lair:2:   swamp_mist, basic_altar
Lair:3:   lemuel_old_faithful
Lair:4:   dummy_spider_entry, grunt_forest_large_clearings, lemuel_fruit_fields
Lair:5:   slime_altar_1, minivault_25, lemuel_fruit_fields
Ossuary:  ossuary_the_hunt_dpeg

Skill      XL: |  1  2  3  4  5  6  7  8  9 10 11 12 13 14 |
---------------+-------------------------------------------+-----
Fighting       | 4 5 6 7 8 9 10 12 13 | 13.9
Maces & Flails | 3 4 5 6 8 9 11 12 13 | 13.6
Armour         | 4 5 7 8 9 11 12 13 | 13.1
Invocations    | 1 4 6 8 |  8.0
Shields        | 6 9 |  9.0
Dodging        | 2 |  2.6

Action                   |  1- 3 |  4- 6 |  7- 9 | 10-12 | 13-15 || total
-------------------------+-------+-------+-------+-------+-------++-------
Melee: Flail             |   169 |    82 |   294 |       |       ||   545
       Hand axe          |       |    89 |    78 |       |       ||   167
       Mace              |       |       |     9 |       |       ||     9
       Hunting sling     |       |       |     2 |       |       ||     2
       Morningstar       |       |       |       |   791 |   950 ||  1741
 Fire: Hunting sling     |     3 |       |    42 |    13 |       ||    58
       Hand crossbow     |       |       |       |     3 |       ||     3
Invok: Heroism           |       |       |     3 |    11 |    10 ||    24
       Finesse           |       |       |       |     3 |     4 ||     7
 Abil: Fly               |       |       |       |       |     1 ||     1
Evoke: Wand              |       |       |       |     4 |     1 ||     5
  Use: Scroll            |       |     7 |    11 |     8 |     4 ||    30
       Potion            |       |       |       |     2 |     1 ||     3
  Eat: Chunk             |     3 |     6 |     7 |    11 |    17 ||    44
       Royal jelly       |       |     1 |       |     1 |       ||     2
       Bread ration      |       |       |     1 |       |       ||     1
       Fruit             |       |       |       |     8 |       ||     8
Armor: Scale mail        |    74 |       |       |       |       ||    74
       Chain mail        |    61 |   124 |   163 |       |       ||   348
       Plate armour      |       |       |   100 |   473 |   751 ||  1324
Dodge: Dodged            |    64 |    26 |    93 |   145 |   357 ||   685
Block: Shield            |   114 |    87 |   234 |   429 |   824 ||  1688

Table legend:
 A = Spawn XP
 B = Non-spawn XP
 C = Spawn XP percentage of total XP
 D = Spawn monster count
 E = Non-spawn monster count
 F = Spawn count percentage of total count
 G = Total turns spent on level
                    A         B        C        D         E        F      G
               +---------+---------+-------+---------+---------+-------+---------
         Total |       0 |   67336 |   0.0 |       0 |     431 |   0.0 | 18026
               +---------+---------+-------+---------+---------+-------+---------
           D:1 |       0 |      30 |   0.0 |       0 |      17 |   0.0 |  1001
           D:2 |       0 |     216 |   0.0 |       0 |      30 |   0.0 |  1663
           D:3 |       0 |      94 |   0.0 |       0 |      15 |   0.0 |   694
           D:4 |       0 |      29 |   0.0 |       0 |       3 |   0.0 |   668
           D:5 |       0 |     850 |   0.0 |       0 |      26 |   0.0 |   959
           D:6 |       0 |     463 |   0.0 |       0 |      11 |   0.0 |   773
           D:7 |       0 |     745 |   0.0 |       0 |      16 |   0.0 |   742
           D:8 |       0 |    4843 |   0.0 |       0 |      40 |   0.0 |  1119
           D:9 |       0 |    4060 |   0.0 |       0 |      24 |   0.0 |  1631
          D:10 |       0 |   15105 |   0.0 |       0 |      43 |   0.0 |  1372
          D:11 |       0 |    3009 |   0.0 |       0 |      18 |   0.0 |   896
          D:12 |       0 |    4699 |   0.0 |       0 |      29 |   0.0 |   721
        Lair:1 |       0 |    7518 |   0.0 |       0 |      26 |   0.0 |  1146
        Lair:2 |       0 |    4439 |   0.0 |       0 |      21 |   0.0 |   871
        Lair:3 |       0 |    5920 |   0.0 |       0 |      27 |   0.0 |  1396
        Lair:4 |       0 |   10944 |   0.0 |       0 |      57 |   0.0 |  1542
        Lair:5 |       0 |    4038 |   0.0 |       0 |      13 |   0.0 |   241
       Ossuary |       0 |     334 |   0.0 |       0 |      15 |   0.0 |   553
               +---------+---------+-------+---------+---------+-------+---------
